 Dungeon Crawl Stone Soup version 0.22-a0-439-gac93bac (webtiles) character file.

7320 nikopol the Thaumaturge (level 10, -12/52 HPs)
             Began as a Deep Elf Fire Elementalist on May 29, 2018.
             Was a Believer of Vehumet.
             Shot with a bolt by a yaktaur captain (43 damage)
             ... on level 9 of the Dungeon.
             The game lasted 00:26:15 (9642 turns).

nikopol the Thaumaturge (DEFE)                      Turns: 9642, Time: 00:26:16

Health: -12/52     AC:  6    Str:  5    XL:     10   Next: 90%
Magic:  30/37      EV: 14    Int: 24    God:    Vehumet [**....]
Gold:   429        SH:  0    Dex: 15    Spells: 19/34 levels left

rFire    . . .     SeeInvis .   j - +0 dagger (elec)
rCold    . . .     Gourm    .   (no shield)
rNeg     + . .     Faith    .   p - +0 robe {rN+}
rPois    .         Spirit   .   (no helmet)
rElec    .         Reflect  .   (no cloak)
rCorr    .         Harm     .   m - +2 pair of gloves
MR       +....                  o - +0 pair of boots
Stlth    +.........             (no amulet)
HPRegen  0.17/turn              z - ring of magical power
MPRegen  0.25/turn              (no ring)

@: confused
A: no striking features
a: Renounce Religion


You were on level 9 of the Dungeon.
You worshipped Vehumet.
Vehumet was pleased with you.
You were not hungry.

You visited 1 branch of the dungeon, and saw 9 of its levels.

You collected 429 gold pieces.

Inventory:

Hand Weapons
 h - a +0 dagger
 j - a +0 dagger of electrocution (weapon)
Armour
 a - a +0 robe
 m - a +2 pair of gloves (worn)
 o - a +0 pair of boots (worn)
 p - a +0 robe of positive energy (worn)
Jewellery
 z - a ring of magical power (left hand)
 D - a cursed ring of loudness {unknown}
Wands
 u - a wand of digging (17)
 x - a wand of paralysis (10)
Scrolls
 d - a scroll of summoning {unknown}
 f - 6 scrolls of magic mapping
 g - 4 scrolls of teleportation
 n - a scroll of immolation
 r - 2 scrolls of enchant weapon
 t - 3 scrolls of amnesia {unknown}
 y - 2 scrolls of enchant armour {unknown}
 A - 3 scrolls of identify
 B - 2 scrolls of remove curse {unknown}
 E - a scroll of random uselessness {unknown}
 F - a scroll of fear {unknown}
Potions
 b - 3 potions of cancellation
 e - a potion of agility
 i - 3 potions of heal wounds
 k - a potion of invisibility
 l - a potion of mutation
 q - 4 potions of curing
 s - a potion of lignification
 v - 2 potions of resistance
 w - a potion of might
Comestibles
 c - 15 rations
 C - 7 chunks of flesh


   Skills:
 + Level 1.0 Fighting
 + Level 4.1 Dodging
 + Level 4.7 Stealth
 + Level 12.5 Spellcasting
 + Level 10.0 Conjurations
 + Level 10.8 Fire Magic


You had 19 spell levels left.
You knew the following spells:

 Your Spells              Type           Power        Failure   Level  Hunger
a - Flame Tongue          Conj/Fire      #####        1%          1    None
b - Throw Flame           Conj/Fire      ######       1%          2    None
c - Conjure Flame         Conj/Fire      ######..     1%          3    None
d - Sticky Flame          Conj/Fire      ######..     1%          4    None
e - Fireball              Conj/Fire      ######....   1%          5    ###....

Your spell library contained the following spells:

 Spells                   Type           Power        Failure   Level  Hunger
 Apportation              Tloc           ###...       4%          1    None
 Summon Small Mammal      Summ           ###.         4%          1    None
 Animate Skeleton         Necr           N/A          4%          1    None
 Spider Form              Tmut/Pois      ###.......   12%         3    None
 Blade Hands              Tmut           ###.......   75%         5    ###....
 Ice Form                 Ice/Tmut       ###.....     38%         4    None
 Confusing Touch          Hex            ###...       4%          1    None
 Sticks to Snakes         Tmut           ###.....     6%          2    None
 Inner Flame              Hex/Fire       #####...     1%          3    None
 Beastly Appendage        Tmut           ###...       4%          1    None


Dungeon Overview and Level Annotations

Branches:
Dungeon (9/15)             Temple (0/1) D:6
   Lair: D:8-11         Orc: D:9-12

Altars:
Cheibriados
Elyvilon
Fedhas
Kikubaaqudgha
Okawaru
Ru
Sif Muna
Uskayaw
Vehumet
Xom

Shops:
D:7 !:

Annotations:
D:3 Natasha


Message History

The glowing orange brain is moderately wounded.
The glowing orange brain is covered in liquid flames!
The glowing orange brain burns!
The yaktaur captain hits you!!
The glowing orange brain pulsates.
You are confused.
You're too confused to cast spells.
Drop what? 32/52 slots (_ for help) (? for menu, Esc to quit)
Okay, then.
You're too confused to cast spells.
Drop what? 32/52 slots (_ for help) (? for menu, Esc to quit)
Okay, then.
The glowing orange brain burns!
You hit the glowing orange brain.
The glowing orange brain is heavily wounded.
The glowing orange brain burns!
The yaktaur captain hits you but does no damage.
The glowing orange brain burns!
The yaktaur captain wields an arbalest.
The yaktaur captain shoots a bolt.
The bolt hits you!!!
Ouch! That really hurt!
You die...

.'..#...................#..#.....
.#..'...................+..#.....
.####.......##########..####.....
...########.'...#.= #.##..###'##
...#........#...#}.###.#....(....
...#........#...#.c..#.+.........
.(.#.>......#...#.G..#.#.........
)..##########...####)#.######+###
.......# #...@....#.....##.###
...)...# #.....G..#.....#.....
..).)..# #.....c..#.....#.....
.......###############.....##'###
..............#####..#...........
..............'..#...#...........
......).......#..'...#...........
###'###)[)....#..#####...........
#.)...#.......#..##..##.(..######


You could see a yaktaur captain and a glowing orange brain (burning).

Vanquished Creatures
  2 two-headed ogres
  Pikel (D:6)
  2 cyclopes (D:9)
  Grinder (D:6)
  2 hippogriffs
  A hungry ghost (D:9)
  A vampire mosquito (D:9)
  Edmund (D:6)
  2 orc warriors (D:9)
  2 phantoms
  An eye of draining (D:9)
  3 sky beasts
  An ice beast (D:8)
  A necrophage (D:6)
  An ogre (D:5)
  6 centaurs
  3 bullfrogs
  A gnoll sergeant (D:9)
  A water moccasin zombie (D:9)
  A wyvern skeleton (D:9)
  5 scorpions
  4 killer bees
  7 wights (D:8)
  A howler monkey (D:6)
  3 crimson imps
  A quasit (D:7)
  A centaur zombie (D:5)
  3 orc priests
  2 bullfrog skeletons
  4 hounds
  2 jellies
  2 centaur skeletons
  7 orc wizards
  Jessica (D:3)
  Natasha (twice) (D:3)
  10 worker ants
  2 hound zombies
  2 worker ant zombies (D:6)
  11 adders
  7 gnolls
  A howler monkey skeleton (D:6)
  2 shadow imps (D:6)
  2 oozes
  An adder skeleton (D:5)
  2 adder zombies
  6 worms
  3 dart slugs
  6 leopard geckos
  28 orcs
  4 bats
  4 giant cockroaches
  6 hobgoblins
  2 jackals (D:6)
  7 kobolds
  4 quokkas
  A ball python (D:3)
  5 frilled lizards
  6 goblins
  10 rats
211 creatures vanquished.

Vanquished Creatures (others)
  A crimson imp (D:6)
1 creature vanquished.

Grand Total: 212 creatures vanquished

Notes
Turn   | Place    | Note
-------+----------+-------------------------------------------
     0 | D:1      | nikopol the Deep Elf Fire Elementalist began the quest for the Orb.
     0 | D:1      | Reached XP level 1. HP: 10/10 MP: 6/6
   809 | D:1      | Reached XP level 2. HP: 15/15 MP: 6/8
  1092 | D:2      | Found a sacrificial altar of Ru.
  1133 | D:2      | Reached XP level 3. HP: 15/19 MP: 3/9
  1417 | D:2      | Learned a level 2 spell: Throw Flame
  1421 | D:2      | Learned a level 3 spell: Conjure Flame
  1422 | D:2      | Found an ancient bone altar of Kikubaaqudgha.
  1569 | D:2      | Reached XP level 4. HP: 24/24 MP: 7/11
  1616 | D:2      | Reached skill level 4 in Spellcasting
  2145 | D:3      | Reached XP level 5. HP: 28/28 MP: 11/13
  2151 | D:3      | Learned a level 4 spell: Sticky Flame
  2243 | D:3      | Noticed Natasha
  2249 | D:3      | Killed Natasha
  2347 | D:3      | Noticed Jessica
  2355 | D:3      | Killed Jessica
  2548 | D:3      | Reached skill level 5 in Fire Magic
  2556 | D:3      | Reached XP level 6. HP: 33/33 MP: 12/15
  2558 | D:3      | Noticed Natasha
  2561 | D:3      | Killed Natasha
  2561 | D:3      | Reached skill level 5 in Spellcasting
  2829 | D:3      | Found an iron altar of Okawaru.
  2853 | D:3      | Noticed Natasha
  3198 | D:4      | Found a shimmering altar of Xom.
  3253 | D:4      | Found a snail-covered altar of Cheibriados.
  3605 | D:4      | Found a radiant altar of Vehumet.
  3613 | D:4      | Became a worshipper of Vehumet
  3953 | D:5      | Entered Level 5 of the Dungeon
  3982 | D:5      | Reached skill level 6 in Spellcasting
  3982 | D:5      | Reached XP level 7. HP: 37/37 MP: 12/18
  4296 | D:5      | Found a hide-covered altar of Uskayaw.
  4582 | D:5      | Reached skill level 7 in Spellcasting
  4582 | D:5      | Reached skill level 5 in Conjurations
  4687 | D:5      | Learned a level 5 spell: Fireball
  4833 | D:5      | Found a deep blue altar of Sif Muna.
  5094 | D:5      | Found a blossoming altar of Fedhas.
  5247 | D:6      | Noticed Grinder
  5276 | D:6      | Killed Grinder
  5276 | D:6      | Reached XP level 8. HP: 32/42 MP: 5/21
  5557 | D:6      | Found a white marble altar of Elyvilon.
  5587 | D:6      | Noticed Pikel
  5597 | D:6      | Killed Pikel
  5597 | D:6      | Reached skill level 8 in Spellcasting
  5711 | D:6      | Noticed Edmund
  5730 | D:6      | Killed Edmund
  5730 | D:6      | Reached skill level 9 in Spellcasting
  5850 | D:6      | Found a staircase to the Ecumenical Temple.
  5922 | D:6      | Reached XP level 9. HP: 36/46 MP: 12/24
  6059 | D:6      | Reached * piety under Vehumet
  6059 | D:6      | Offered knowledge of Freeze by Vehumet.
  6295 | D:7      | Noticed a two-headed ogre
  6306 | D:7      | Killed a two-headed ogre
  6306 | D:7      | Reached skill level 10 in Spellcasting
  6382 | D:7      | Found Pugake's Distillery.
  6569 | D:7      | Found Xenun's Book Boutique.
  7333 | D:8      | Reached skill level 11 in Spellcasting
  7651 | D:8      | Reached XP level 10. HP: 45/51 MP: 20/27
  7776 | D:8      | Offered knowledge of Shock by Vehumet.
  7807 | D:8      | Reached ** piety under Vehumet
  8090 | D:8      | Found a shimmering altar of Xom.
  8866 | D:9      | Noticed a two-headed ogre
  8870 | D:9      | Killed a two-headed ogre
  8870 | D:9      | Reached skill level 12 in Spellcasting
  8870 | D:9      | Reached skill level 10 in Fire Magic
  8888 | D:9      | Noticed a cyclops
  8894 | D:9      | Killed a cyclops
  9059 | D:9      | Offered knowledge of Mephitic Cloud by Vehumet.
  9313 | D:9      | Noticed a cyclops
  9316 | D:9      | Killed a cyclops
  9316 | D:9      | Reached skill level 1 in Fighting
  9316 | D:9      | Reached skill level 10 in Conjurations
  9631 | D:9      | Noticed a yaktaur captain
  9631 | D:9      | Noticed a glowing orange brain
  9642 | D:9      | Shot with a bolt by a yaktaur captain

Vault maps used:
D:1:      grunt_arrival_lava_bath
D:2:      nicolae_ru_great_annihilating_truth, marbit_many_paths,
          kennysheep_generic_room_8
D:3:      overflow_temple_1_default, uniq_natasha, uniq_jessica
D:4:      cheibriados_altar_1, vehumet_crystals, first_ration,
          brannock_xom_greatest_gift
D:5:      lemuel_doored_altar, fedhas_altar_4, kennysheep_little_box,
          minmay_crossroads
D:6:      lemuel_crystal_altar, temple_doors_e, uniq_pikel, uniq_grinder,
          uniq_edmund
D:7:      serial_shops, shop, shop, hangedman_decor_riveting
D:8:      lemuel_round_altar
D:9:      minmay_shrinking_squares, nemelex_xobeh_ov_fountains_minmay

Skill      XL: |  1  2  3  4  5  6  7  8  9 10 |
---------------+-------------------------------+-----
Fire Magic     | 4 5 6 7 9 10 | 10.8
Conjurations   | 2 3 4 5 6 8 10 | 10.0
Spellcasting   | 4 6 7 9 11 12 | 12.5
Stealth        | 3 4 |  4.7
Dodging        | 3 4 |  4.1
Fighting       | 1 |  1.0

Action                   |  1- 3 |  4- 6 |  7- 9 | 10-12 || total
-------------------------+-------+-------+-------+-------++-------
Melee: Dagger            |       |       |     6 |     3 ||     9
 Cast: Flame Tongue      |    54 |   124 |   152 |    95 ||   425
       Throw Flame       |       |       |    19 |     4 ||    23
       Sticky Flame      |       |       |    22 |    15 ||    37
       Fireball          |       |       |     5 |    29 ||    34
       Conjure Flame     |       |       |     4 |     1 ||     5
  Use: Scroll            |       |       |    13 |     1 ||    14
  Eat: Chunk             |     2 |     7 |     6 |     9 ||    24
       Ration            |       |       |     2 |       ||     2
Armor: Robe              |     1 |     9 |    20 |     5 ||    35
Dodge: Dodged            |     7 |    20 |    53 |    15 ||    95

Table legend:
 A = Spawn XP
 B = Non-spawn XP
 C = Spawn XP percentage of total XP
 D = Spawn monster count
 E = Non-spawn monster count
 F = Spawn count percentage of total count
 G = Total turns spent on level
                    A         B        C        D         E        F      G
               +---------+---------+-------+---------+---------+-------+---------
         Total |       0 |   10458 |   0.0 |       0 |     211 |   0.0 |  9642
               +---------+---------+-------+---------+---------+-------+---------
           D:1 |       0 |      12 |   0.0 |       0 |       8 |   0.0 |  1065
           D:2 |       0 |     176 |   0.0 |       0 |      31 |   0.0 |  1041
           D:3 |       0 |     243 |   0.0 |       0 |      29 |   0.0 |   896
           D:4 |       0 |     259 |   0.0 |       0 |      16 |   0.0 |   951
           D:5 |       0 |     637 |   0.0 |       0 |      12 |   0.0 |  1285
           D:6 |       0 |    1660 |   0.0 |       0 |      23 |   0.0 |  1054
           D:7 |       0 |    1849 |   0.0 |       0 |      17 |   0.0 |   959
           D:8 |       0 |    1668 |   0.0 |       0 |      33 |   0.0 |  1101
           D:9 |       0 |    3954 |   0.0 |       0 |      42 |   0.0 |  1290
               +---------+---------+-------+---------+---------+-------+---------
